 Dungeon Crawl Stone Soup version 0.30.1-1-g62c8e00024 (webtiles) character file.

Game seed: 4834890007196944964

33186 GeoRichter the Severer (level 13, 0/99 HPs)
             Began as a Demonspawn Warper on July 15, 2023.
             Was an Initiate of Yredelemnul.
             Slain by an orc warlord
             ... wielding a +1 great sword of holy wrath
              (6 damage)
             ... on level 2 of the Orcish Mines.
             The game lasted 00:23:37 (15655 turns).

GeoRichter the Severer (Demonspawn Warper)         Turns: 15655, Time: 00:23:38

Health: 0/99       AC: 12    Str: 21    XL:     13   Next: 35%
Magic:  18/18      EV: 15    Int: 17    God:    Yredelemnul [......]
Gold:   420        SH: 11    Dex: 13    Spells: 10/16 levels left

rFire   + . .        a - +9 broad axe of Collusion {elec, Str+7}
rCold   . . .        E - +0 buckler
rNeg    . . .        r - +0 scale mail
rPois   .            (helmet unavailable)
rElec   .            X - +0 cloak
rCorr   .            R - +1 pair of gloves
SInv    +            l - +0 pair of boots
Will    .....        S - amulet of faith {!P} Stlth
                     p - +5 ring of evasion
HPRegen 0.36/turn    Y - ring of protection from fire
MPRegen 0.16/turn

%: faith
@: studying Invocations
A: antennae 3, large bone plates 2, ignite blood 3, augmentation 2
a: Renounce Religion, Recall Undead Harvest


You were on level 2 of the Orcish Mines.
You worshipped Yredelemnul.
Yredelemnul was noncommittal.
You visited 4 branches of the dungeon, and saw 17 of its levels.

You collected 1623 gold pieces.
You spent 1203 gold pieces at shops.

Inventory:

Hand Weapons
 a - the +9 broad axe of Collusion (weapon) {elec, Str+7}
   (You bought it in a shop on level 4 of the Dungeon)

   Str:       It affects your strength (+7).
Missiles
 d - 7 boomerangs of dispersal {!f}
 B - 4 boomerangs (quivered)
 I - 3 throwing nets {!f}
Armour
 l - a +0 pair of boots (worn)
   (You found it on level 1 of the Dungeon)
 r - a +0 scale mail (worn)
   (You took it off a hobgoblin on level 2 of the Dungeon)
 E - a +0 buckler (worn)
   (You took it off a gnoll sergeant on level 6 of the Dungeon)
 J - a +0 kite shield
   (You took it off a gnoll sergeant on level 6 of the Dungeon)
 R - a +1 pair of gloves (worn)
   (You found it on level 5 of the Lair of Beasts)
 X - a +0 cloak (worn)
   (You found it on level 9 of the Dungeon)
Jewellery
 p - a +5 ring of evasion (left hand)
   (You took it off a goblin on level 2 of the Dungeon)
 P - a ring of flight
   (You found it on level 8 of the Dungeon)
 S - an amulet of faith (around neck) {!P}
   (You found it on level 1 of the Lair of Beasts)
 V - an amulet of reflection
   (You found it on level 5 of the Lair of Beasts)
 Y - a ring of protection from fire (right hand)
   (You found it on level 9 of the Dungeon)
Wands
 k - a wand of paralysis (13)
   (You found it on level 3 of the Dungeon)
 A - a wand of quicksilver (3)
   (You found it on level 2 of the Lair of Beasts)
 D - a wand of digging (9)
   (You found it on level 5 of the Dungeon)
 H - a wand of roots (19)
   (You took it off Ijyb on level 5 of the Dungeon)
 M - a wand of mindburst (16)
   (You found it on level 3 of the Lair of Beasts)
 Q - a wand of flame (40)
   (You found it on level 8 of the Dungeon)
 T - a wand of polymorph (5)
   (You found it on level 3 of the Lair of Beasts)
Scrolls
 b - 3 scrolls of silence
 c - 4 scrolls of blinking
 f - 5 scrolls of amnesia
 q - a scroll of acquirement {unknown}
 s - 3 scrolls of immolation {unknown}
 t - 2 scrolls of enchant armour {unknown}
 v - 4 scrolls of poison {unknown}
 y - 3 scrolls of vulnerability {unknown}
 z - 3 scrolls of fog
 C - 6 scrolls of teleportation {@r4}
 G - 3 scrolls of enchant weapon {unknown}
 L - a scroll of identify {@r1}
 N - 3 scrolls of noise {unknown}
 U - 2 scrolls of magic mapping {unknown}
Potions
 e - a potion of magic {unknown}
 g - 6 potions of attraction {!q}
 h - 3 potions of cancellation
 i - 3 potions of heal wounds {@q2}
 j - 2 potions of ambrosia
 m - 4 potions of mutation {!q}
 n - 8 potions of might
 o - 2 potions of haste {@q3}
 u - 4 potions of degeneration {!q}
 w - 3 potions of brilliance
 x - 4 potions of curing {@q1}
 F - a potion of resistance
 K - a potion of lignification {unknown}
 O - 3 potions of flight
 W - a potion of invisibility {unknown}


   Skills:
 + Level 8.5 Fighting
 * Level 16.1(16.3) Axes
 - Level 4.0(11.3) Polearms
 - Level 0.8 Throwing
 - Level 6.3 Armour
 - Level 1.7 Dodging
 - Level 4.0 Shields
 - Level 2.0 Spellcasting
 - Level 6.1 Translocations
 + Level 7.5 Invocations


You had 10 spell levels left.
You knew the following spells:

 Your Spells              Type           Power      Damage    Failure   Level
a - Manifold Assault      Tloc           22%        N/A       43%         4
b - Blink                 Tloc           44%        N/A       8%          2

Your spell library contained the following spells:

 Spells                   Type           Power      Damage    Failure   Level
 Lesser Beckoning         Tloc           44%        N/A       8%          2
 Gell's Gravitas          Tloc           22%        N/A       14%         3
 Teleport Other           Tloc           22%        N/A       14%         3
 Portal Projectile        Hex/Tloc       24%        N/A       45%         3
 Vhi's Electric Charge    Tloc/Air       24%        N/A       45%         3
 Magic Dart               Conj           4%         1d3       52%         1
 Slow                     Hex            4%         N/A       52%         1
 Sting                    Tmut/Pois      4%         1d3       52%         1
 Summon Small Mammal      Summ           4%         N/A       52%         1
 Poisonous Vapours        Pois/Air       2%         N/A       65%         2
 Searing Ray              Conj           2%         2d4       65%         2
 Call Canine Familiar     Summ           1%         N/A       87%         3
 Confusing Touch          Hex            1%         N/A       87%         3
 Ozocubu's Armour         Ice            1%         N/A       87%         3
 Stone Arrow              Conj/Erth      2%         3d7       87%         3
 Summon Guardian Golem    Hex/Summ       1%         N/A       87%         3
 Vampiric Draining        Necr           1%         2d6       87%         3
 Animate Armour           Summ/Erth      2%         N/A       99%         4
 Fulminant Prism          Conj/Hex       0%         3d5       99%         4
 Leda's Liquefaction      Hex/Erth       0%         N/A       99%         4
 Olgreb's Toxic Radiance  Pois           1%         N/A       99%         4
 Metabolic Englaciation   Hex/Ice        0%         N/A       100%        5
 Lehudib's Crystal Spear  Conj/Erth      0%         10d2      100%        8
 Simulacrum               Ice/Necr       Unusable   N/A       N/A         6

Dungeon Overview and Level Annotations

Branches:
Dungeon (9/15) Zot: 25554  Temple (1/1) D:6 Zot: 5632    Lair (5/5) D:8 Zot: 23917
  Swamp (0/4) Lair:3       Spider (0/4) Lair:3        Slime (0/5) Lair:5
    Orc (2/2) D:9 Zot: 11510
    Elf: Orc:2

Altars:
Ashenzari
Cheibriados
Dithmenos
Fedhas
Gozag
Hepliaklqana
Kikubaaqudgha
Makhleb
Nemelex Xobeh
Okawaru
Qazlal
Ru
Sif Muna
Trog
Uskayaw
Vehumet
Wu Jian
Xom
Yredelemnul

Shops:
D:4 :(   D:5 *

Annotations:
D:4 1 runed translucent door, Heoruswealwe's ghost, amateur DECj
D:9 4 runed translucent doors
Lair:4 exclusion: oklob plant


Innate Abilities, Weirdness & Mutations

You have a pair of large antennae on your head. (SInv)
You are mostly covered in large bone plates. (SH +6)
Your demonic aura causes all spilled blood to erupt in flames.
Your magical and physical power is enhanced at high health.


Message History

You kill the orc!
The orc hits your ogre zombie with a +0 dagger.
The orc warlord is engulfed in blazing flames.
The orc warlord hits you with a +1 great sword of holy wrath!!
You convulse!!
Your orc zombie hits the orc warlord but does no damage.
You slash the orc warlord!
The orc warlord is moderately wounded.
The orc hits your ogre zombie with a +0 dagger!
The orc warlord is engulfed in blazing flames.
The orc warlord hits you with a +1 great sword of holy wrath!
* * * LOW HITPOINT WARNING * * *
You convulse!!
* * * LOW HITPOINT WARNING * * *
Your ogre zombie is engulfed in blazing flames.
Your ogre zombie hits the orc!
You feel much better.
Your orc zombie hits the orc warlord but does no damage.
The orc warlord is engulfed in blazing flames.
The orc warlord hits you with a +1 great sword of holy wrath!
* * * LOW HITPOINT WARNING * * *
You convulse!
* * * LOW HITPOINT WARNING * * *
The orc is engulfed in blazing flames.
You kill the orc!
Your orc zombie closely misses the orc warlord.
Your ogre zombie is engulfed in blazing flames.
You destroy your ogre zombie!
The orc warlord is engulfed in blazing flames.
The orc wizard points at you and mumbles some strange words.
The magic dart hits your orc zombie!
Your orc zombie completely misses the orc wizard.
The orc wizard hits your orc zombie with a +0 dagger.
You feel much better.
The orc warlord is engulfed in blazing flames.
The orc warlord hits you with a +1 great sword of holy wrath!
* * * LOW HITPOINT WARNING * * *
You convulse!
* * * LOW HITPOINT WARNING * * *
The orc wizard hits your orc zombie with a +0 dagger.
Your orc zombie is destroyed!
You slash the orc warlord!
Lightning courses through the orc warlord!!
The orc warlord is severely wounded.
The orc warlord is engulfed in blazing flames.
The orc warlord hits you with a +1 great sword of holy wrath.
* * * LOW HITPOINT WARNING * * *
You convulse.
You die...
Your body rises from the dead as a mindless zombie.

....###...
......#........
...............
#...........##
##...........#
#...........#
#....o.o...#.#
#<...§.°o.....
#...@oo°o.....
{
##..§°°)o$....
{ {
##..#o○o..... {
{{ #$.###......
{ { #.## ......
### $.....
#.... #.##


You could see an orc warlord, 2 orc warriors, an orc wizard (strong) and 5 orcs.

Vanquished Creatures
  A fire dragon (Lair:5)
  A death knight (D:9)
  A two-headed ogre (D:9)
  Amaemon (D:8)
  A swamp dragon (Lair:5)
  An oklob plant (Lair:2)
  5 elephants (Lair:3)
  An orange demon (Lair:1)
  3 black mambas
  10 cane toads
  12 komodo dragons
  3 rime drakes
  A meliai (D:9)
  A polar bear (Lair:4)
  A hornet (D:9)
  5 blink frogs (Lair:1)
  Grinder (D:3)
  15 dream sheep
  2 black mamba zombies
  Sigmund (D:5)
  A jumping spider (Lair:3)
  A meliai zombie (D:9)
  4 wyverns
  A slime creature (D:9)
  2 wraiths (D:9)
  27 yaks
  5 basilisks
  A steam dragon (D:9)
  2 wargs
  3 acid dragons (Lair:5)
  A human zombie (D:9)
  5 water moccasins
  3 cane toad zombies
  2 swamp drakes
  2 ice beasts
  7 orc warriors
  4 black bears
  3 blink frog zombies (Lair:1)
  6 dream sheep zombies
  5 ogres
  6 centaurs
  5 wolves
  A phantom (D:6)
  A rime drake zombie (Lair:5)
  A kobold brigand (D:9)
  8 bullfrogs
  2 wyvern zombies
  Blork the orc (D:6)
  2 komodo dragon zombies
  3 scorpions
  4 gnoll sergeants
  3 water moccasin zombies (Lair:2)
  4 wights
  A polar bear zombie (Lair:4)
  A warg zombie (Orc:1)
  18 yak zombies
  5 killer bees (D:7)
  4 howler monkeys
  4 wolf zombies
  3 centaur zombies (D:9)
  2 basilisk zombies
  7 bullfrog zombies
  2 jellies (Lair:5)
  3 hounds (D:6)
  8 orc priests
  2 sleepcaps
  5 iguanas
  Ijyb (D:5)
  Terence (D:2)
  Natasha (thrice) (D:2)
  7 orc wizards
  An acid dragon zombie (Lair:5)
  2 ogre zombies
  A howler monkey zombie (D:9)
  10 adders
  19 gnolls
  3 white imps (D:7)
  2 ufetubi
  An iguana zombie (Lair:5)
  A spectral white imp (D:7)
  4 worms
  5 dart slugs
  38 orcs
  2 endoplasms
  A giant cockroach (D:1)
  6 goblins
  6 hobgoblins
  14 kobolds
  A quokka (D:2)
  7 ball pythons
  2 bats (D:3)
  3 frilled lizards
  4 gnoll zombies (D:8)
  6 kobold zombies (D:9)
  19 orc zombies
  2 rats
430 creatures vanquished.

Vanquished Creatures (collateral kills)
  A fire dragon (Lair:3)
  An elephant (Lair:3)
  2 cane toads
  A dream sheep (Lair:2)
  A culicivora (Lair:3)
  A jumping spider (Lair:3)
  2 yaks
  A basilisk (Lair:5)
  2 swamp drakes (Lair:5)
  2 wolves (Lair:1)
  A bullfrog (Lair:2)
  A killer bee (D:7)
  A jelly (Lair:5)
  A sleepcap (D:8)
  An iguana (Lair:5)
  An orc (D:9)
20 creatures vanquished.

Vanquished Creatures (others)
  A komodo dragon (D:8)
  A jumping spider zombie (Lair:3)
  A black mamba zombie (Lair:5)
  An elephant zombie (Lair:3)
  A swamp dragon zombie (Lair:5)
  A dream sheep zombie (Lair:5)
  A rime drake zombie (Lair:3)
  A komodo dragon zombie (Lair:3)
  A wyvern zombie (Lair:5)
  A warg zombie (D:9)
  A yak zombie (Lair:5)
  A wolf zombie (Lair:2)
  A basilisk zombie (Lair:5)
  An ogre zombie (Orc:1)
  2 acid dragon zombies (Lair:5)
  2 orc zombies
  2 swamp drake zombies (Lair:5)
  2 jelly zombies (Lair:5)
  A gnoll zombie (D:8)
23 creatures vanquished.

Grand Total: 473 creatures vanquished

Notes
Turn   | Place    | Note
-------+----------+-------------------------------------------
     0 | D:1      | GeoRichter the Demonspawn Warper began the quest for the
                  | Orb.
     0 | D:1      | Reached XP level 1. HP: 16/16 MP: 3/3
   121 | D:1      | Gained mutation: Your demonic aura sometimes causes spilled
                  | blood to erupt in flames. [demonic ancestry]
   121 | D:1      | Reached XP level 2. HP: 20/22 MP: 5/5
   660 | D:2      | Gained mutation: Your demonic aura often causes spilled
                  | blood to erupt in flames. [demonic ancestry]
   660 | D:2      | Reached XP level 3. HP: 9/28 MP: 6/6
   855 | D:2      | Noticed Natasha
   861 | D:2      | Killed Natasha
   924 | D:2      | Gained mutation: Your demonic aura causes all spilled blood
                  | to erupt in flames. [demonic ancestry]
   924 | D:2      | Reached XP level 4. HP: 34/34 MP: 7/7
   948 | D:2      | Noticed Terence
   956 | D:2      | Killed Terence
  1139 | D:2      | Noticed Natasha
  1143 | D:2      | Killed Natasha
  1146 | D:2      | Noticed Natasha
  1153 | D:2      | Killed Natasha
  1154 | D:2      | Reached XP level 5. HP: 28/41 MP: 8/8
  1665 | D:3      | Noticed Grinder
  1697 | D:3      | Paralysed by Grinder for 4 turns
  1709 | D:3      | Killed Grinder
  1710 | D:3      | Reached skill level 5 in Fighting
  1710 | D:3      | Gained mutation: You are partially covered in large bone
                  | plates. (SH +4) [demonic ancestry]
  1710 | D:3      | Reached XP level 6. HP: 19/51 MP: 9/9
  1876 | D:3      | Found a hide-covered altar of Uskayaw.
  2192 | D:3      | Noticed an ice beast
  2319 | D:3      | Killed an ice beast
  2639 | D:3      | Gained mutation: You have a pair of small antennae on your
                  | head. [demonic ancestry]
  2639 | D:3      | Reached XP level 7. HP: 59/59 MP: 10/10
  2955 | D:4      | Found Fobifyk's Antique Weapon Boutique.
  3110 | D:4      | Reached skill level 1 in Axes
  3316 | D:4      | Found Jull's Vocational Training.
  3383 | D:4      | Found a runed translucent door.
  3425 | D:4      | Noticed Heoruswealwe's ghost (amateur DECj)
  3470 | D:4      | Bought a fine broad axe for 243 gold pieces
  3470 | D:4      | Identified the +9 broad axe of Collusion {elec, Str+7} (You
                  | bought it in a shop on level 4 of the Dungeon)
  3644 | D:4      | Reached skill level 2 in Axes
  3870 | D:5      | Entered Level 5 of the Dungeon
  3870 | D:5      | Noticed Sigmund
  3910 | D:5      | Killed Sigmund
  3911 | D:5      | Reached skill level 3 in Axes
  3957 | D:5      | Noticed Ijyb
  3961 | D:5      | Killed Ijyb
  3962 | D:5      | Gained mutation: You have a pair of antennae on your head.
                  | [demonic ancestry]
  3962 | D:5      | Reached XP level 8. HP: 64/67 MP: 11/11
  3964 | D:5      | Reached skill level 4 in Axes
  4118 | D:5      | Reached skill level 5 in Axes
  4266 | D:5      | Reached skill level 6 in Axes
  4361 | D:5      | Found an iron altar of Okawaru.
  4366 | D:5      | Found Pegaecw's Assorted Antiques.
  4440 | D:5      | Found a sparkling altar of Nemelex Xobeh.
  4440 | D:5      | Found a shimmering altar of Xom.
  4721 | D:6      | Gained mutation: You are mostly covered in large bone
                  | plates. (SH +6) [demonic ancestry]
  4721 | D:6      | Reached XP level 9. HP: 62/75 MP: 12/12
  4727 | D:6      | Reached skill level 1 in Shields
  4757 | D:6      | Reached skill level 7 in Axes
  4820 | D:6      | Found a staircase to the Ecumenical Temple.
  5042 | D:6      | Noticed Blork the orc
  5046 | D:6      | Killed Blork the orc
  5083 | D:6      | Identified the +7 longbow "Parijey" {heavy, rPois rF+ rC-}
  5267 | Temple   | Entered the Ecumenical Temple
  5563 | Temple   | Became a worshipper of Yredelemnul the Dark
  5976 | D:7      | Noticed a komodo dragon
  5982 | D:7      | Killed a komodo dragon
  5983 | D:7      | Reached * piety under Yredelemnul
  5983 | D:7      | Reached skill level 8 in Axes
  6415 | D:7      | Found an ornate altar of the Wu Jian Council.
  6960 | D:8      | Noticed a komodo dragon
  6962 | D:8      | Killed a komodo dragon
  6963 | D:8      | Reached skill level 9 in Axes
  6963 | D:8      | Reached skill level 1 in Armour
  6966 | D:8      | Noticed a komodo dragon
  6968 | D:8      | Noticed a komodo dragon
  6987 | D:8      | Killed a komodo dragon
  6988 | D:8      | Gained mutation: You have a pair of large antennae on your
                  | head. (SInv) [demonic ancestry]
  6988 | D:8      | Reached XP level 10. HP: 74/82 MP: 13/13
  6992 | D:8      | Reached ** piety under Yredelemnul
  7053 | D:8      | Found a staircase to the Lair.
  7957 | Lair:1   | Entered Level 1 of the Lair of Beasts
  7957 | Lair:1   | Noticed Amaemon
  7957 | Lair:1   | Noticed an orange demon
  7966 | D:8      | Killed Amaemon
  7967 | D:8      | Reached skill level 10 in Axes
  8152 | Lair:1   | Killed an orange demon
  8153 | Lair:1   | Reached skill level 11 in Axes
  8707 | Lair:1   | Noticed a cane toad
  8711 | Lair:1   | Killed a cane toad
  8902 | Lair:1   | Reached skill level 5 in Armour
  8902 | Lair:1   | Gained mutation: Your magical and physical power is
                  | slightly enhanced at high health. [demonic ancestry]
  8902 | Lair:1   | Reached XP level 11. HP: 75/87 MP: 14/14
  9220 | Lair:2   | You are sucked into a shaft and drop 1 floor!
  9432 | Lair:3   | Found an opulent altar of Gozag.
  9445 | Lair:3   | Reached *** piety under Yredelemnul
  9534 | Lair:3   | Noticed a fire dragon
  9712 | Lair:2   | Noticed an oklob plant
  9721 | Lair:2   | Reached skill level 12 in Axes
  9722 | Lair:2   | Killed an oklob plant
  9855 | Lair:2   | Identified the staff of air "Zits" {rElec rPois Will+ rCorr
                  | Stlth+}
  9977 | Lair:2   | Reached skill level 1 in Invocations
 10400 | Lair:3   | Reached skill level 13 in Axes
 10593 | Lair:3   | Found a staircase to the Swamp.
 10631 | Lair:3   | Reached skill level 5 in Invocations
 10631 | Lair:3   | Reached XP level 12. HP: 72/94 MP: 15/15
 10939 | Lair:3   | Found a hole to the Spider Nest.
 11130 | Lair:3   | Killed a fire dragon
 11131 | Lair:3   | Reached skill level 14 in Axes
 12318 | Lair:5   | Entered Level 5 of the Lair of Beasts
 12330 | Lair:5   | Reached **** piety under Yredelemnul
 12331 | Lair:5   | Reached ***** piety under Yredelemnul
 12689 | Lair:5   | Reached skill level 15 in Axes
 12852 | Lair:5   | Learned a level 4 spell: Manifold Assault
 12855 | Lair:5   | Learned a level 2 spell: Blink
 13072 | Lair:5   | Noticed a fire dragon
 13183 | Lair:5   | Found a staircase to the Slime Pits.
 13193 | Lair:5   | Reached skill level 5 in Translocations
 13204 | Lair:5   | Gained mutation: Your magical and physical power is
                  | enhanced at high health. [demonic ancestry]
 13204 | Lair:5   | Reached XP level 13. HP: 90/99 MP: 18/18
 13381 | Lair:5   | Killed a fire dragon
 13827 | D:4      | Bought a manual of Invocations for 960 gold pieces
 13919 | D:9      | Found a large runed translucent door.
 13924 | D:9      | Found a large runed translucent door.
 14249 | D:9      | Found a large runed translucent door.
 14249 | D:9      | Found a large runed translucent door.
 14330 | D:9      | Found a staircase to the Orcish Mines.
 14575 | D:9      | Reached skill level 16 in Axes
 15199 | Orc:1    | Entered Level 1 of the Orcish Mines
 15641 | Orc:2    | Entered Level 2 of the Orcish Mines
 15643 | Orc:2    | Noticed an orc warlord
 15655 | Orc:2    | Slain by an orc warlord

Illustrated notes

Levels and vault maps discovered:
D:1:      lightli_arrival_maybe_door_vault, layout_rooms, minivault_19
D:2:      layout_loops_cross, uniq_terence, uniq_natasha
D:3:      layout_loops_corners, mainiacjoe_overflow_catwalk,
          minmay_fractal_squares_5, uniq_grinder
D:4:      layout_gridville, ebering_ghost_reflecting_pool, serial_shops,
          nicolae_shop_overgrown_old_shop, nicolae_shop_vocational
D:5:      layout_rooms, kennysheep_okawaru_gauntlet,
          chequers_temple_overflow_statue_of_worship, serial_shops,
          nicolae_shop_overgrown_old_shop, minmay_misc_feat_rugged,
          uniq_sigmund, uniq_ijyb
D:6:      layout_loops_cross, minmay_temple_entry_arrows, uniq_blork_the_orc
D:7:      layout_gridville, mainiacjoe_overflow_alcove_2
D:8:      layout_layer_cave, mainiacjoe_overflow_concentric_impassable,
          erik_lair_dragon
D:9:      layout_roguey, david_orc_3, nicolae_hexahallways,
          statue_in_the_mist_lemuel, minmay_hollow_rounded_squares
Temple:   minmay_temple_bridge_d
Lair:1:   layout_regular_city, minmay_holes, chequers_serial_rivers_micro_e,
          uniq_amaemon
Lair:2:   layout_big_grid
Lair:3:   dragon1_lemuel, layout_chaotic_city, swamp_mist,
          spider_nest_entry_funnel_web, basic_altar
Lair:4:   layout_long_grid
Lair:5:   guppyfry_lair_end_dragon, layout_misc_corridors,
          nicolae_slime_entry_field_trip
Orc:1:    layout_caves
Orc:2:    st_orc_congregation, layout_diamond_mine, roderic_batcave

Skill      XL: |  1  2  3  4  5  6  7  8  9 10 11 12 13 |
---------------+----------------------------------------+-----
Polearms       | 2 3 4 |  4.0
Fighting       | 3 5 6 7 8 |  8.5
Axes           | 3 6 9 11 13 15 16 | 16.1
Shields        | 4 |  4.0
Armour         | 1 5 6 |  6.3
Invocations    | 5 7 |  7.5
Translocations | 5 6 |  6.1
Throwing       | |  0.8
Dodging        | |  1.7
Spellcasting   | |  2.0

Action                     |  1- 3 |  4- 6 |  7- 9 | 10-12 | 13-15 || total
---------------------------+-------+-------+-------+-------+-------++-------
  Melee: Spear             |   139 |   193 |    15 |       |       ||   347
         Punch             |       |     1 |     1 |       |       ||     2
         Hand axe          |       |       |    15 |       |       ||    15
         Broad axe         |       |       |   151 |   194 |   122 ||   467
  Throw: Boomerang         |       |       |     8 |       |       ||     8
 Invoke: Dark Bargain      |       |       |       |     2 |       ||     2
  Evoke: Wand              |       |       |     3 |     2 |       ||     5
    Use: Scroll            |       |     3 |     5 |     3 |     5 ||    16
         Potion            |       |     2 |     1 |     6 |     6 ||    15
   Stab: Sleeping          |     1 |       |       |       |       ||     1
         Paralysed         |       |       |     1 |       |       ||     1
         Distracted        |       |       |     1 |     2 |       ||     3
 Armour: Leather armour    |    21 |       |       |       |       ||    21
         Scale mail        |     2 |    40 |    27 |    29 |    21 ||   119
  Dodge: Dodged            |    38 |   101 |   110 |    94 |    53 ||   396
  Block: Other             |       |    14 |    18 |       |       ||    32
         Buckler           |       |       |    46 |    81 |    63 ||   190
